 Dungeon Crawl Stone Soup version 0.31-a0-198-g2ad674f65e (webtiles) character file.

Game seed: 7737503771830701993

4 qw the Shooter (level 1, -1/12 HPs)
             Began as a Deep Elf Hunter on June 25, 2023.
             Succumbed to their own poison gas
             ... on level 1 of the Dungeon.
             The game lasted 00:00:07 (596 turns).

qw the Shooter (Deep Elf Hunter)                     Turns: 596, Time: 00:00:08

Health: -1/12      AC:  4    Str:  8    XL:     1   Next: 58%
Magic:  3/3        EV: 12    Int: 13    God:
Gold:   23         SH:  0    Dex: 18    Spells: 0/0 levels left

rFire   . . .        Y - +0 shortbow
rCold   . . .        (shield currently unavailable)
rNeg    . . .        c - +0 leather armour
rPois   .            (no helmet)
rElec   .            f - +0 cloak
rCorr   .            (no gloves)
SInv    .            (no boots)
Will    .....        (no amulet)
Stlth   ++           (no ring)
HPRegen 0.22/turn    (no ring)
MPRegen 0.08/turn

%: no passive effects
@: lethally poisoned (-1 -> -8), weak-willed
A: no striking features
a: no special abilities


You were on level 1 of the Dungeon.
You visited 1 branch of the dungeon, and saw 1 of its levels.

You collected 23 gold pieces.


   Skills:
 - Level 1.5 Fighting
 + Level 5.7 Ranged Weapons
 - Level 2.4 Dodging
 - Level 1.2 Stealth


You couldn't memorise any spells.
You didn't know any spells.
Your spell library was empty.

Inventory:

Hand Weapons
 Y - a +0 shortbow (weapon)
Armour
 c - a +0 leather armour (worn)
 f - a +0 cloak (worn)
Potions
 e - a potion of cancellation {unknown}
 h - a potion of brilliance {unknown}

Dungeon Overview and Level Annotations

Branches:
Dungeon (1/15)

Altars:


Message History

It was a scroll of noise.
Done exploring.
590 ||| READING scroll labelled XODGHU CYTZI.
As you read the scroll labelled XODGHU CYTZI, it crumbles to dust.
It is a scroll of identify.
Really abort (and waste the scroll)?
Done exploring.
591 ||| READING scroll labelled ENKECV GEDE.
The air fills with toxic fumes!
As you read the scroll labelled ENKECV GEDE, it crumbles to dust.
It was a scroll of poison.
Done exploring.
592 ||| READING scroll labelled BISMIO JUWI.
As you read the scroll labelled BISMIO JUWI, it crumbles to dust.
Magic quickly surges around you.
It was a scroll of vulnerability.
Done exploring.
593 ||| DROPPING scroll of butterflies.
You drop a scroll of butterflies.
Done exploring.
(D) Dungeon
Where to? (* - list waypoints, ? - help)
What level of the Dungeon? (default 1, ? - help) Sorry, I don't know how to get there.
Enter note:
Enter note:
Enter note:
Enter note:
Enter note:
Enter note:
Enter note:
Enter note:
Enter note: Really walk into that cloud of poison gas?
You are engulfed in poison gas.
You are lethally poisoned!
You feel very sick.
595 ||| Stepping ~*~*~tactically~*~*~ (cloud).
You feel very sick.
You see here a scroll of butterflies.
There is a lethal amount of poison in your body!
You die...

###
#.###############
#.............0¤#
#.#############0#
#.# #@# #.# #¤#
#.# #¤# #.# #¤#
#.# #¤# #.# #¤#
##.# ##### #¤#
...# #...# #.#
...# #...#####.#


There were no monsters in sight!

Vanquished Creatures
  A giant cockroach (D:1)
  A hobgoblin (D:1)
  A kobold (D:1)
  A bat (D:1)
4 creatures vanquished.

Notes
Turn   | Place    | Note
-------+----------+-------------------------------------------
     0 | D:1      | qw the Deep Elf Hunter began the quest for the Orb.
     0 | D:1      | Reached XP level 1. HP: 12/12 MP: 3/3
     0 | D:1      | 0 ||| qw: Version: 0.3-a-22-g0ed2b0b
     0 | D:1      | 0 ||| qw: Game counter: 5142
     0 | D:1      | 0 ||| qw: Melee chars always use a shield: true
     0 | D:1      | 0 ||| qw: God list: Okawaru
     0 | D:1      | 0 ||| qw: Allow faded altars: false
     0 | D:1      | 0 ||| qw: Do Orc after clearing Dungeon:15 true
     0 | D:1      | 0 ||| qw: Do second Lair branch before Depths: true
     0 | D:1      | 0 ||| qw: Lair rune preference: random
     0 | D:1      | 0 ||| qw: Goals: Normal
     0 | D:1      | 0 ||| PLANNING D:1-11
   584 | D:1      | 584 ||| UPGRADING to +0 cloak.
   589 | D:1      | 589 ||| READING scroll labelled GINILUKINI.
   590 | D:1      | 590 ||| READING scroll labelled XODGHU CYTZI.
   591 | D:1      | 591 ||| READING scroll labelled ENKECV GEDE.
   592 | D:1      | 592 ||| READING scroll labelled BISMIO JUWI.
   593 | D:1      | 593 ||| DROPPING scroll of butterflies.
   595 | D:1      | 595 ||| Stepping ~*~*~tactically~*~*~ (cloud).
   595 | D:1      | HP: 1/12 [poisoned by you (poison gas)]
   596 | D:1      | Succumbed to their own poison gas

Levels and vault maps discovered:
D:1:      roderic_crop_circles_arrival_small, layout_basic

Action                     || total
---------------------------++-------
   Fire: Shortbow          ||    10
    Use: Scroll            ||     4
  Dodge: Dodged            ||     1

Table legend:
 A = Non-vault XP
 B = Vault XP
 C = Vault XP percentage of total XP
 D = Non-vault monster count
 E = Vault monster count
 F = Vault count percentage of total count
                 A         B        C        D         E       F
            +---------+---------+-------+---------+---------+-------
      Total |       7 |       0 |   0.0 |       4 |       0 |   0.0
            +---------+---------+-------+---------+---------+-------
        D:1 |       7 |       0 |   0.0 |       4 |       0 |   0.0
            +---------+---------+-------+---------+---------+-------
